 Dungeon Crawl Stone Soup version 0.17-a0-1-g1f4be75 (console) character file.

6651 Fusha the Nimble (level 10, -6/92 HPs)
             Began as a Deep Dwarf Monk on Mar 15, 2015.
             Was a Follower of Ru.
             Mangled by a boring beetle (9 damage)
             ... on level 10 of the Dungeon.
             The game lasted 00:55:23 (9715 turns).

Fusha the Nimble (Deep Dwarf Monk)                  Turns: 9715, Time: 00:55:23

Health: -6/92      AC: 19    Str: 17    XL:     10   Next: 72%
Magic:  11/11      EV:  2    Int: 11    God:    Ru [*.....]
Gold:   380        SH:  0    Dex: 14    Spells: 1 memorised, 7 levels left

rFire  . . .     SeeInvis .       - Unarmed
rCold  . . .     Clarity  .     v - +0 scale mail
rNeg   + + +     SustAb   .     (no shield)
rPois  ∞         Gourm    .     o - +2 helmet
rElec  .         Spirit   .     (no cloak)
rCorr  .         Warding  +     A - +0 pair of gloves
rMut   .         Stasis   .     p - +2 pair of boots (curse)
MR     +....                    K - brooch of Shielding {Ward rN+ AC+4 EV+4}
Stlth  +.........               V - ring of wizardry
                                W - ring of positive energy

@: petrified, non-regenerating, somewhat resistant to hostile enchantments, very
unstealthy
A: damage resistance, recharge devices, clumsy 1, sense surroundings 2, slow
healing 3, no hexes magic, no ice magic, no translocations magic
a: Device Recharging, Sacrifice Drink, Sacrifice Love, Sacrifice Essence, Reject
Sacrifices, Renounce Religion


You were on level 10 of the Dungeon.
You worshipped Ru.
Ru was aware of your devotion.
You were hungry.

You visited 1 branch of the dungeon, and saw 10 of its levels.

You collected 600 gold pieces.
You spent 220 gold pieces at shops.

Inventory:

Hand weapons
 B - the +4 battleaxe "Pnaet" {flame, rF+ Str+4 Dex-3 SInv}
   (You found it on level 7 of the Dungeon)

   It has been specially enchanted to burn those struck by it, causing extra
   injury to most foes and up to half again as much damage against particularly
   susceptible opponents.
   Big, fiery blades are also staple armaments of hydra-hunters.
   It affects your strength (+4).
   It affects your dexterity (-3).
   It protects you from fire.
   It enhances your eyesight.
 O - a +0 blowgun
Missiles
 e - 46 poisoned needles
 y - 24 stones
 F - 6 tomahawks (quivered)
 U - 4 needles of confusion
Armour
 a - a +0 robe
 n - a +0 leather armour
 o - a +2 helmet (worn)
 p - a cursed +2 pair of boots (worn)
 v - a +0 scale mail (worn)
 w - a +0 robe
 z - a +1 robe of the Archmagi
 A - a +0 pair of gloves (worn)
Jewellery
 k - an uncursed amulet of resist mutation
 J - an uncursed ring of flight
 K - the brooch of Shielding (around neck) {Ward rN+ AC+4 EV+4}
   (You found it on level 7 of the Dungeon)

   [amulet of warding]

   It may prevent the melee attacks of summoned creatures.
   It affects your AC (+4).
   It affects your evasion (+4).
   It protects you from negative energy.
 M - an uncursed ring of ice
 V - a ring of wizardry (right hand)
 W - a ring of positive energy (left hand)
Magical devices
 b - a wand of heal wounds (3)
 f - a wand of digging (18)
 g - a wand of confusion (4)
 s - a wand of invisibility (4)
 x - a wand of cold (0)
 G - a wand of cold (6)
 Q - a wand of hasting (7)
Scrolls
 h - 6 scrolls of random uselessness {unknown}
 i - a scroll of enchant weapon {unknown}
 j - a scroll of recharging {unknown}
 l - 2 scrolls of noise
 m - 7 scrolls of teleportation
 r - 4 scrolls of remove curse
 I - 3 scrolls of fear {unknown}
 R - a scroll of fog
 S - a scroll of identify
Potions
 q - 2 potions of heal wounds
 t - a potion of mutation
 u - a potion of curing
 E - 3 potions of restore abilities
 H - 3 potions of haste
 L - 2 potions of invisibility
Books
 C - a book of Geomancy

   Spells                             Type                      Level
   a - Sandblast                      Earth                        1
   b - Stoneskin                      Transmutation/Earth          2
   c - Passwall                       Transmutation/Earth          3
   d - Stone Arrow                    Conjuration/Earth            3
   e - Petrify                        Transmutation/Earth          4
   f - Lee's Rapid Deconstruction     Earth                        5
 P - a book of Summonings

   Spells                             Type                      Level
   a - Abjuration                     Summoning                    3
   b - Recall                         Summoning/Translocation      3
   c - Shadow Creatures               Summoning                    5
   d - Summon Demon                   Summoning                    5
   e - Summon Forest                  Summoning/Translocation      5
   f - Monstrous Menagerie            Summoning                    6
 T - a Fen Folio

   Spells                             Type                      Level
   a - Corpse Rot                     Necromancy                   2
   b - Stone Arrow                    Conjuration/Earth            3
   c - Leda's Liquefaction            Hexes/Earth                  4
   d - Summon Forest                  Summoning/Translocation      5
   e - Hydra Form                     Transmutation                6
   f - Summon Hydra                   Summoning                    7
Miscellaneous
 N - an ornate deck of summoning
Comestibles
 c - 7 bread rations
 d - 8 meat rations
 D - 3 slices of pizza


   Skills:
 + Level 6.8 Fighting
 + Level 2.0 Throwing
 + Level 6.2 Armour
 + Level 8.9 Dodging
 - Level 3.2 Stealth
 + Level 8.3 Unarmed Combat
 * Level 6.9 Earth Magic
 + Level 7.5 Evocations


You had 7 spell levels left.
You knew the following spells:

 Your Spells              Type           Power        Failure   Level  Hunger
a - Stoneskin             Trmt/Erth      #.......     21%         2    ###....


Dungeon Overview and Level Annotations

Branches:
Dungeon (10/15)            Temple (0/1) D:5            Lair (0/8) D:10
    Orc (0/4) D:9

Altars:
Fedhas
Makhleb
Qazlal
Ru
Sif Muna
Trog
Yredelemnul
The Shining One

Shops:
D:8 }


Innate Abilities, Weirdness & Mutations

You are resistant to damage.
You can recharge devices by infusing magical energy.
You are clumsy. (Dex -2)
You passively map the area around you.
You do not heal naturally.
You cannot study or cast Hexes magic.
You cannot study or cast Ice magic.
You cannot study or cast Translocations magic.


Message History

You are slowing down.
The boring beetle bites you!!
* * * LOW HITPOINT WARNING * * *
Unknown command.
You redirect the basilisk's attack!
The basilisk bites you but does no damage.
Your limbs are stiffening.
You have turned to stone.
The basilisk gazes at you. The basilisk barely misses you.
The boring beetle bites you!
* * * LOW HITPOINT WARNING * * *
The basilisk bites you!
* * * LOW HITPOINT WARNING * * *
The basilisk gazes at you. You resist with almost no effort.
The boring beetle bites you!!
* * * LOW HITPOINT WARNING * * *
The basilisk bites you!
* * * LOW HITPOINT WARNING * * *
The boring beetle bites you!!
You die...

* ...##.##........### ,,
........?......... , ,
#...........##.#, * , .
#.........###..#####. *
#.###.....$......#.......
, ,
....!.....................
,
................##.#.#####
, ,
........Bl...###.##...# ,,
.........@..........###* ,
,........#.#..........# ,
..............#.#..>.# , ,
........#....#†###...#* *
, , ,
.......#....##.#######
.........#..#.####..# ,
........#.#.##.#..# ... ,
, .......# #..)...#* ....
, ,, .... #....#.#


You could see a boring beetle and a basilisk.

Vanquished Creatures
  A two-headed ogre (D:9)
  A troll (D:9)
  Prince Ribbit (D:6)
  A deep elf mage (D:10)
  A yak (D:7)
  A wyvern (D:8)
  A hippogriff (D:8)
  A hog (D:7)
  A steam dragon (D:9)
  A human (D:7)
  A wasp (D:10)
  A sky beast (D:6)
  5 ogres
  2 orc warriors (D:9)
  A black bear (D:9)
  A boring beetle (D:10)
  An ice beast (D:8)
  3 phantoms
  A necrophage (D:9)
  Duvessa (D:8)
  5 centaurs
  A gnoll sergeant (D:7)
  11 big kobolds
  Blork the orc (D:7)
  A water moccasin zombie (D:9)
  A wyvern zombie (D:7)
  5 giant frogs
  3 killer bees (D:7)
  A jelly (D:9)
  3 scorpions
  9 wights
  A centaur zombie (D:5)
  A giant frog zombie (D:9)
  A goliath beetle (D:7)
  Dowan (D:8)
  2 crimson imps (D:6)
  A quasit (D:6)
  3 iguanas
  4 worker ants
  A giant frog skeleton (D:4)
  6 orc priests
  8 orc wizards
  A killer bee zombie (D:7)
  2 sheep (D:7)
  Ijyb (D:2)
  A hound zombie (D:3)
  2 hound skeletons
  A mummy (D:7)
  Robin (D:2)
  11 adders
  6 gnolls (D:7)
  6 shadow imps
  4 worms
  An adder zombie (D:9)
  7 giant geckos
  2 oozes
  31 orcs
  13 bats
  3 bat skeletons
  5 bat zombies
  7 giant cockroaches
  25 goblins
  14 hobgoblins
  14 jackals
  31 kobolds
  A ball python (D:2)
  A ball python zombie (D:3)
  2 giant gecko zombies
  2 giant newts
  A jackal skeleton (D:4)
  A jackal zombie (D:3)
  4 quokkas
  2 quokka skeletons (D:3)
  A quokka zombie (D:5)
  17 rats
318 creatures vanquished.

Vanquished Creatures (others)
  An orc (D:4)
  A kobold (D:10)
  A giant spore (D:3)
3 creatures vanquished.

Grand Total: 321 creatures vanquished

Notes
Turn   | Place    | Note
--------------------------------------------------------------
     0 | D:1      | Fusha, the Deep Dwarf Monk, began the quest for the Orb.
     0 | D:1      | Reached XP level 1. HP: 20/20 MP: 1/1
   198 | D:1      | Reached XP level 2. HP: 27/27 MP: 2/2
   507 | D:1      | Reached skill level 4 in Unarmed Combat
   591 | D:1      | Reached skill level 1 in Evocations
   603 | D:1      | Reached XP level 3. HP: 23/33 MP: 3/3
   934 | D:2      | Noticed Robin
   960 | D:2      | Killed Robin
  1130 | D:2      | Reached XP level 4. HP: 39/42 MP: 5/5
  1184 | D:2      | Noticed Ijyb
  1232 | D:2      | Killed Ijyb
  2144 | D:3      | Found a glowing golden altar of the Shining One.
  2162 | D:3      | Reached XP level 5. HP: 28/49 MP: 7/7
  2416 | D:3      | HP: 2/49 [orc priest/divine providence (12)]
  2568 | D:3      | Reached XP level 6. HP: 57/57 MP: 5/5
  2654 | D:3      | Noticed a big kobold
  2684 | D:3      | Killed a big kobold
  2781 | D:4      | Found a sacrificial altar of Ru.
  2805 | D:4      | Became a worshipper of Ru the Awakened
  2814 | D:4      | Gained mutation: You cannot study or cast Ice magic. [Ru sacrifice]
  2814 | D:4      | Gained mutation: You cannot study or cast Hexes magic. [Ru sacrifice]
  2814 | D:4      | Gained mutation: You cannot study or cast Translocations magic. [Ru sacrifice]
  2814 | D:4      | Acquired Ru's first power
  2896 | D:5      | Entered Level 5 of the Dungeon
  3048 | D:5      | Reached skill level 5 in Dodging
  3433 | D:5      | Found a staircase to the Ecumenical Temple.
  3571 | D:4      | Reached XP level 7. HP: 29/64 MP: 5/7
  3665 | D:4      | Reached skill level 1 in Armour
  3790 | D:4      | Reached skill level 5 in Unarmed Combat
  4253 | D:5      | Reached skill level 5 in Evocations
  4551 | D:6      | Reached skill level 1 in Throwing
  4578 | D:6      | Noticed Prince Ribbit
  4705 | D:6      | Reached skill level 5 in Fighting
  4705 | D:6      | Reached XP level 8. HP: 39/74 MP: 11/11
  5003 | D:6      | Reached skill level 6 in Dodging
  5500 | D:7      | Got an ancient battleaxe
  5501 | D:7      | Identified the +4 battleaxe "Pnaet" {flame, rF+ Str+4 Dex-3 SInv} (You found it on level 7 of the Dungeon)
  5700 | D:7      | Found a stormy altar of Qazlal.
  5713 | D:7      | Found a blossoming altar of Fedhas.
  5722 | D:7      | Learned a level 2 spell: Stoneskin
  5729 | D:7      | Noticed Blork the orc
  5791 | D:7      | Killed Blork the orc
  5828 | D:7      | Reached skill level 7 in Evocations
  5828 | D:7      | Gained mutation: You passively map the area around you. [level up]
  5828 | D:7      | Reached XP level 9. HP: 63/82 MP: 11/11
  5894 | D:7      | Reached skill level 1 in Earth Magic
  6172 | D:7      | Reached skill level 5 in Armour
  6417 | D:8      | Found a basalt altar of Yredelemnul.
  6592 | D:8      | Noticed Dowan
  6593 | D:8      | Noticed Duvessa
  6600 | D:8      | Gained mutation: You are clumsy. (Dex -2) [Ru sacrifice]
  6624 | D:8      | Killed Duvessa
  6669 | D:8      | Killed Dowan
  6857 | D:8      | Found a bloodstained altar of Trog.
  6857 | D:8      | Found a deep blue altar of Sif Muna.
  6925 | D:8      | Found Nadoacot's Gadget Shop.
  6934 | D:8      | Bought an ornate deck of summoning for 220 gold pieces
  7136 | D:8      | Reached skill level 8 in Dodging
  7195 | D:8      | Reached XP level 10. HP: 52/92 MP: 12/12
  7277 | D:8      | Found a burning altar of Makhleb.
  7593 | D:9      | Found a staircase to the Orcish Mines.
  7922 | D:9      | Reached skill level 5 in Earth Magic
  8877 | D:6      | Killed Prince Ribbit
  9295 | D:10     | Entered Level 10 of the Dungeon
  9616 | D:10     | Found a staircase to the Lair.
  9715 | D:10     | HP: 3/92 [basilisk (4)]
  9715 | D:10     | Mangled by a boring beetle

Action                   |  1- 3 |  4- 6 |  7- 9 | 10-12 || total
-------------------------+-------+-------+-------+-------++-------
Melee: Unarmed           |   146 |   385 |   820 |   543 ||  1894
Throw: Stone             |    20 |     6 |     2 |       ||    28
       Tomahawk          |       |     2 |     7 |     9 ||    18
Invok: Sacrifice Arcana  |       |     1 |       |       ||     1
       Reject Sacrifices |       |       |     1 |       ||     1
       Sacrifice Purity  |       |       |     1 |       ||     1
 Abil: Device Recharging |       |     4 |     4 |     1 ||     9
Evoke: Wand              |     1 |     7 |    21 |    28 ||    57
  Use: Potion            |     2 |     5 |     4 |     1 ||    12
       Scroll            |       |     3 |     6 |     1 ||    10
 Stab: Sleeping          |     3 |     6 |       |       ||     9
       Distracted        |       |       |     1 |       ||     1
       Confused          |       |       |       |    25 ||    25
  Eat: Pizza             |     1 |       |     4 |       ||     5
       Meat ration       |       |     2 |     1 |       ||     3
       Beef jerky        |       |       |     3 |       ||     3
       Fruit             |       |       |       |     4 ||     4
